 Dungeon Crawl Stone Soup version 0.28.0-53-g5a82cb258f (webtiles) character file.

Game seed: 15786039402013785708

21 Zeld the Firebug (level 2, 0/15 HPs)
             Began as a Deep Elf Fire Elementalist on May 21, 2022.
             Killed from afar by a dart slug (6 damage)
             ... with a slug dart
             ... on level 1 of the Dungeon.
             The game lasted 00:01:03 (608 turns).

Zeld the Firebug (Deep Elf Fire Elementalist)        Turns: 608, Time: 00:01:03

Health: 0/15       AC:  2    Str:  5    XL:     2   Next: 65%
Magic:  2/8        EV: 13    Int: 19    God:
Gold:   22         SH:  0    Dex: 15    Spells: 5/8 levels left

rFire   . . .      SeeInvis .   (no weapon)
rCold   . . .      Faith    .   (no shield)
rNeg    . . .      Spirit   .   a - +0 robe
rPois   .          Reflect  .   (no helmet)
rElec   .          Harm     .   (no cloak)
rCorr   .          Rampage  .   (no gloves)
Will    .....                   (no boots)
Stlth   ++........              (no amulet)
HPRegen 0.05/turn               (no ring)
MPRegen 0.11/turn               (no ring)

@: no status effects
A: no striking features
a: no special abilities


You were on level 1 of the Dungeon.
You visited 1 branch of the dungeon, and saw 1 of its levels.

You collected 22 gold pieces.

Inventory:

Armour
 a - a +0 robe (worn)
Scrolls
 b - a scroll of magic mapping {unknown}
 c - 3 scrolls of enchant armour {unknown}
 e - a scroll of noise {unknown}
Potions
 d - a potion of brilliance {unknown}


   Skills:
 + Level 2.7 Dodging
 - Level 2.4 Stealth
 * Level 3.5 Spellcasting
 + Level 1.5 Conjurations
 * Level 3.7 Fire Magic


You had 5 spell levels left.
You knew the following spells:

 Your Spells              Type           Power      Damage    Failure   Level
a - Foxfire               Conj/Fire      52%        2x1d6     4%          1
b - Scorch                Fire           34%        2d7       4%          2

Your spell library contained the following spells:

 Spells                   Type           Power      Damage    Failure   Level
 Conjure Flame            Conj/Fire      13%        6-21      14%         3
 Inner Flame              Hex/Fire       10%        N/A       21%         3
 Flame Wave               Conj/Fire      13%        2d6       43%         4


Dungeon Overview and Level Annotations

Branches:
Dungeon (1/15)

Altars:


Message History

You hit the dart slug but do no damage. You hit the dart slug.
The dart slug is moderately wounded.
The dart slug launches a dart at you. The slug dart hits you.
You are too injured to fight recklessly!
Casting: Foxfire (safe; 4% risk of failure)
Confirm with . or Enter, or press ? or * to list all spells.
You conjure some foxfire!
The dart slug barely misses you.
Your foxfire dissipates!
The foxfire hits the dart slug but does no damage.
The dart slug is moderately wounded.
Casting: Foxfire (safe; 4% risk of failure)
Confirm with . or Enter, or press ? or * to list all spells.
You conjure some foxfire!
The foxfire hits the dart slug.
The dart slug is severely wounded.
You hit the dart slug.
The dart slug is severely wounded.
The dart slug launches a dart at you. The slug dart hits you.
You hit the dart slug but do no damage.
The dart slug is severely wounded.
Casting: Foxfire (safe; 4% risk of failure)
Confirm with . or Enter, or press ? or * to list all spells.
You conjure some foxfire!
The dart slug misses you.
Your foxfire dissipates!
The foxfire hits the dart slug.
You kill the dart slug!
A dart slug is nearby!
A dart slug is nearby!
A dart slug is nearby!
Okay, then.
There is an open door here.
There's nothing to close nearby.
You start resting.
A dart slug is nearby!
The dart slug launches a dart at you. The slug dart hits you.
You die...

#.#.# ####.## #.#.# #..... .#
#.#.# #.##.#### ##.## .....
..#.####.##....###..... #...#
#.#.....w..............#
#...###.#.#######.##...#.....#
........#...w.).#†...........#
#.#.# #..##+#'##.............. #
#.#.# #..#...@.#.......###...#
.#.#†#.# #..#.....#..###.........
.......###..#..8..#..##...###..##
.#..r.g.....#.....#..##...###..##
...(...#....#..<..#..##........##
.....#.#.#..#######....)....#..##
.................................
....##...#...#.#.######..##.#..##
###......[...#......# #..##.#.###


You could see a dart slug.

Vanquished Creatures
  A dart slug (D:1)
  2 ball pythons (D:1)
  An endoplasm (D:1)
  3 goblins (D:1)
  3 hobgoblins (D:1)
  2 bats (D:1)
  2 frilled lizards (D:1)
  2 kobolds (D:1)
  2 rats (D:1)
18 creatures vanquished.

Vanquished Creatures (others)
  37 foxfires (D:1)
37 creatures vanquished.

Grand Total: 55 creatures vanquished

Notes
Turn   | Place    | Note
-------+----------+-------------------------------------------
     0 | D:1      | Zeld the Deep Elf Fire Elementalist began the quest for the
                  | Orb.
     0 | D:1      | Reached XP level 1. HP: 10/10 MP: 6/6
   366 | D:1      | Reached XP level 2. HP: 10/15 MP: 2/8
   386 | D:1      | Learned a level 2 spell: Scorch
   608 | D:1      | Killed from afar by a dart slug

Illustrated notes

Levels and vault maps discovered:
D:1:      minmay_arrival_solitary_statue, layout_basic,
          ebering_ecumenical_altar_abandoned, minmay_cut_off

Action                   || total
-------------------------++-------
Melee: Unarmed           ||     4
 Cast: Foxfire           ||    31
       Scorch            ||     5
Armor: Robe              ||     3
Dodge: Dodged            ||    13
